 Dungeon Crawl Stone Soup version bcrawl-1.40.3b (webtiles) character file.

Game seed: 17888303922584528282

389824 Wachungys the Cruncher (level 13, -1/123 HPs)
             Began as a Naga Skald on Dec 6, 2023.
             Was an Elder of Nemelex Xobeh.
             Shot with an arrow by Nessos (24 damage)
             ... on level 5 of the Lair of Beasts on Dec 7, 2023.
             The game lasted 01:18:12 (15505 turns).

Wachungys the Cruncher (Naga Skald)                Turns: 15505, Time: 01:18:12

Health: -1/123     AC: 14    Str: 21    XL:     13   Next: 21%
Magic:  25/32      EV: 10    Int: 17    God:    Nemelex Xobeh [****..]
Gold:   1215       SH:  0    Dex: 12    Spells: 17/26 levels left

rFire    + . .     GDR:     28% T - +4 quarterstaff
rCold    . . .     SeeInvis +   (shield currently unavailable)
rNeg     . . .     Gourm    .   q - +2 scale mail {rF+}
rPois    +         Faith    .   r - +1 helmet
rElec    .         Spirit   .   (no cloak)
rCorr    .         Reflect  .   f - +0 pair of gloves
MR       +....                  (no barding)
Stlth    ..........             d - amulet of magic regeneration
HPRegen  1.30/turn              h - ring of magical power
MPRegen  0.51/turn              j - +7 ring of strength

@: lethally poisoned (-1 -> -4), swift, infused, regenerating, invisible
A: large, tail, swims, see invisible, deformed body, poison resistance, slowness
2, slow metabolism 1, spit poison 1, constrict 1, AC +4
a: Spit Poison, Draw Escape, Draw Destruction, Draw Summoning, Triple Draw, Deal
Four, Renounce Religion


You were on level 5 of the Lair of Beasts.
You worshipped Nemelex Xobeh.
Nemelex Xobeh was greatly pleased with you.
You were not hungry.

You visited 2 branches of the dungeon, and saw 14 of its levels.

You collected 1215 gold pieces.

Inventory:

Hand Weapons
 a - a +0 quarterstaff
 T - a +4 quarterstaff (weapon)
Armour
 f - a +0 pair of gloves (worn)
 q - a +2 scale mail of fire resistance (worn)
 r - a +1 helmet (worn)
Magical Staves
 A - an uncursed staff of death
 L - an uncursed staff of earth
Jewellery
 d - an amulet of magic regeneration (around neck)
 h - a ring of magical power (left hand)
 j - a +7 ring of strength (right hand)
 t - an uncursed ring of wizardry
 x - an uncursed ring of insulation {unknown}
 y - an uncursed ring of insulation {unknown}
 G - an uncursed ring of resist corrosion {unknown}
 H - a cursed ring of ice {unknown}
 K - an uncursed amulet of guardian spirit {unknown}
 R - an uncursed ring of protection from cold {unknown}
Wands
 s - a wand of iceblast (12)
 B - a wand of disintegration (12)
 F - a wand of polymorph (1)
 S - a wand of digging (6)
 V - a wand of paralysis (6)
Scrolls
 g - 5 scrolls of amnesia
 m - 6 scrolls of immolation
 n - 6 scrolls of remove curse
 u - a scroll of noise
 C - 3 scrolls of enchant armour
 D - a scroll of revelation
 N - 2 scrolls of fear
 O - 2 scrolls of teleportation
 P - a scroll of vulnerability
 Q - a scroll of enchant weapon
 W - a scroll of brand weapon
 X - a scroll of summoning {unknown}
Potions
 c - 3 potions of agility
 k - a potion of haste
 l - 4 potions of lignification
 o - 4 potions of mutation
 p - a potion of degeneration
 w - a potion of ambrosia
 z - a potion of brilliance
 E - 3 potions of curing
 I - a potion of magic
 M - 3 potions of invisibility
 U - 3 potions of heal wounds
Comestibles
 e - 36 rations {!d}
 Y - 4 chunks of flesh


   Skills:
 - Level 10.0 Fighting
 - Level 11.0 Staves
 - Level 5.0 Armour
 - Level 5.0 Dodging
 - Level 7.0 Spellcasting
 - Level 10.0 Charms
 - Level 5.0 Necromancy
 - Level 5.0 Ice Magic
 * Level 4.6 Invocations


You had 17 spell levels left.
You knew the following spells:

 Your Spells              Type           Power        Failure   Level  Hunger
a - Infusion              Chrm           #####...     1%          1    None
b - Regeneration          Chrm/Necr      ####......   4%          3    None
c - Swiftness             Chrm/Air       ###.....     6%          2    None
d - Ozocubu's Armour      Chrm/Ice       ####....     4%          3    None

Your spell library contained the following spells:

 Spells                   Type           Power        Failure   Level  Hunger
 Song of Slaying          Chrm           #####...     1%          2    None
 Freeze                   Ice            ###...       3%          1    None
 Throw Frost              Conj/Ice       ##....       6%          2    None
 Spectral Weapon          Hex/Chrm       ###.....     12%         3    None
 Ice Form                 Ice/Tmut       ##......     71%         4    ####...
 Summon Ice Beast         Ice/Summ       ##......     71%         4    ####...
 Throw Icicle             Conj/Ice       ##......     71%         4    ####...


Dungeon Overview and Level Annotations

Branches:
Dungeon (9/12)             Temple (0/1) D:6            Lair (5/6) D:7
  Swamp (0/3) Lair:2       Shoals (0/3) Lair:2          Orc (0/1) D:8
    Elf: Lair:5-6    Forest: Lair:5-6

Altars:
Fedhas
Gozag
Nemelex Xobeh
Ru
Zin
The Shining One

Shops:
D:4 [   D:5 (   D:8 [

Annotations:
D:4 exclusion: downstairs
D:5 exclusion: 3 doors
D:9 3 runed translucent doors, BerneyBell's ghost, journeyman CeHu
Lair:1 exclusion: 2 downstairs
Lair:2 exclusion: downstairs
Lair:5 Nessos


Innate Abilities, Weirdness & Mutations

You cannot wear boots.
You can swim through water.
Your serpentine skin is tough. (AC +4)
You have supernaturally acute eyesight. (SInv)
Armour fits poorly on your strangely shaped body.
Your system is resistant to poisons. (rPois)
You cover ground very slowly.
You have a slow metabolism.
You can spit poison.
You can use your snake-like lower body to constrict enemies.


Message History

Your icy armour evaporates.
You feel sick.
Nessos shoots an arrow.
The arrow hits you! The arrow burns you.
You are more poisoned.
The blink frog closely misses you.
The blink frog blinks!
Your +0 quarterstaff hits Nessos.
The blink frog hits you!
* * * LOW HITPOINT WARNING * * *
The blink frog hits you!
* * * LOW HITPOINT WARNING * * *
Nessos shoots an arrow.
The arrow hits you.
* * * LOW HITPOINT WARNING * * *
Aiming: Disintegrate
Press: ? - help, Shift-Dir - straight line, f/p - Nessos
Aim: Nessos, wielding a +2 longbow of flaming, wearing a +0 barding and quivering 119 arrows (heavily wounded, chance to defeat MR: 64%)
Okay, then.
You fade into invisibility!
You feel sick.
The blink frog hits you but does no damage.
Your +0 quarterstaff hits Nessos.
Nessos shoots an arrow.
The arrow hits you!!
You die...
Your body glows with a rainbow of weird colours and disappears.

../.... .........
#........ ........###
........#. ........
.........### .......
...........# ....P#
.......F...## ##....#
.......@...P####.....#
...(..F§......###....##
..c...................##
.......................P
>..F............P..#P..#
........P.>.....#.###..#
......PP.........## #..#
....§.P#P.......## #..#
>..........## #...


You could see Nessos, 3 blink frogs and a friendly +0 quarterstaff.

Vanquished Creatures
  Erolcha (D:9)
  5 hydras
  Psyche (D:8)
  A two-headed ogre (D:8)
  A wolf spider zombie (D:9)
  Pikel (D:9)
  A black mamba (shapeshifter) (D:9)
  A black mamba (Lair:4)
  3 elephants (Lair:5)
  3 cane toads
  2 rime drakes
  2 komodo dragons
  A troll (D:8)
  2 polar bears
  A queen bee (Lair:1)
  Grinder (D:6)
  A tyrant leech (Lair:2)
  Prince Ribbit (D:6)
  A slime creature (D:8)
  6 hippogriffs
  9 blink frogs
  Sigmund (D:3)
  3 wyverns
  A hungry ghost (D:6)
  A basilisk (Lair:3)
  12 yaks
  Eustachio (D:6)
  A swamp worm (Lair:2)
  7 crocodiles
  4 water moccasins
  Duvessa (D:6)
  7 porcupines
  4 ice beasts
  2 slaves (D:9)
  4 orc warriors
  3 ogres
  3 sky beasts
  3 black bears
  2 phantoms
  5 wolves (Lair:4)
  14 bullfrogs
  5 kobold brigands (D:5)
  A wyvern zombie (D:7)
  Dowan (D:6)
  3 centaurs
  A wyvern skeleton (D:8)
  3 scorpions
  23 killer bees
  4 wights (D:8)
  8 orc priests
  3 electric eels
  7 crimson imps
  A jelly (D:4)
  7 hounds
  5 orc wizards
  4 hell rats (Lair:3)
  4 iguanas
  5 worker ants
  A hound zombie (D:7)
  2 hound skeletons
  A howler monkey zombie (D:6)
  7 gnolls
  11 adders
  4 oozes
  An adder zombie (D:7)
  An adder skeleton (D:4)
  5 worms
  2 dart slugs (D:1)
  3 leopard geckos
  32 orcs
  A giant cockroach (D:2)
  3 goblins
  4 hobgoblins
  9 jackals
  2 quokkas (D:5)
  3 bats
  3 frilled lizards
  A jackal zombie (D:5)
  11 kobolds
  A quokka skeleton (D:5)
  4 rats (D:2)
  A fungus (D:3)
322 creatures vanquished.

Vanquished Creatures (others)
  8 fungi
  2 plants (D:9)
  10 toadstools
20 creatures vanquished.

Grand Total: 342 creatures vanquished

Notes
Turn   | Place    | Note
-------+----------+-------------------------------------------
     0 | D:1      | Wachungys the Naga Skald began the quest for the Orb.
     0 | D:1      | Reached XP level 1. HP: 19/19 MP: 3/3
    19 | D:1      | Reached skill level 1 in Armour
   132 | D:1      | Reached XP level 2. HP: 26/26 MP: 1/5
   647 | D:1      | Reached XP level 3. HP: 31/33 MP: 4/6
  1484 | D:2      | Reached XP level 4. HP: 40/42 MP: 3/7
  1957 | D:3      | Noticed Sigmund
  1970 | D:3      | Killed Sigmund
  1971 | D:3      | Reached skill level 3 in Staves
  1971 | D:3      | Reached XP level 5. HP: 43/50 MP: 9/9
  1971 | D:3      | Reached XP level 6. HP: 49/57 MP: 10/10
  2385 | D:3      | Reached skill level 4 in Staves
  2829 | D:4      | Found Nyhia's Armour Emporium.
  2890 | D:4      | Reached XP level 7. HP: 32/66 MP: 11/11
  3255 | D:4      | Reached skill level 5 in Fighting
  3458 | D:4      | Reached skill level 5 in Staves
  3525 | D:4      | Found a sparkling altar of Nemelex Xobeh.
  3770 | D:4      | Became a worshipper of Nemelex Xobeh the Trickster
  3837 | D:4      | Reached XP level 8. HP: 74/74 MP: 12/12
  3930 | D:4      | Found a blossoming altar of Fedhas.
  3930 | D:4      | Found a glowing silver altar of Zin.
  4004 | D:4      | Received a gift from Nemelex Xobeh
  4135 | D:5      | Entered Level 5 of the Dungeon
  4296 | D:5      | Identified the cursed +3 shortbow "Gaugyz" {speed, rC+}
  4304 | D:5      | Reached skill level 5 in Charms
  4439 | D:5      | Learned a level 3 spell: Regeneration
  4442 | D:5      | Learned a level 2 spell: Swiftness
  4733 | D:5      | Reached XP level 9. HP: 63/86 MP: 13/13
  4775 | D:5      | Found Puasah's Weapon Boutique.
  5101 | D:5      | Got a masterwork war axe
  5488 | D:6      | Reached * piety under Nemelex Xobeh
  5509 | D:6      | Reached skill level 6 in Staves
  5643 | D:6      | Noticed Dowan
  5697 | D:6      | Reached skill level 7 in Staves
  5795 | D:6      | Noticed Duvessa
  5806 | D:6      | Killed Duvessa
  5811 | D:6      | Killed Dowan
  6218 | D:6      | Noticed Grinder
  6222 | D:6      | Paralysed by Grinder for 4 turns
  6235 | D:6      | Killed Grinder
  6404 | D:6      | Found a staircase to the Ecumenical Temple.
  6479 | D:6      | Noticed Prince Ribbit
  6568 | D:6      | Got a smouldering rapier
  6569 | D:6      | Noticed Eustachio
  6575 | D:6      | Killed Eustachio
  6576 | D:6      | Reached XP level 10. HP: 98/98 MP: 14/14
  6724 | D:6      | Killed Prince Ribbit
  6763 | D:7      | Found a staircase to the Lair.
  7104 | D:7      | Reached skill level 10 in Fighting
  7181 | D:7      | Received a gift from Nemelex Xobeh
  7269 | D:7      | Found a glowing golden altar of the Shining One.
  7458 | D:7      | Learned a level 3 spell: Ozocubu's Armour
  7542 | D:7      | Reached skill level 1 in Necromancy
  7542 | D:7      | Reached skill level 1 in Ice Magic
  8069 | D:8      | Reached ** piety under Nemelex Xobeh
  8123 | D:8      | Got a crystal hand axe
  8488 | D:9      | Found a sacrificial altar of Ru.
  8533 | D:9      | Reached XP level 11. HP: 24/108 MP: 15/15
  8792 | D:9      | Noticed Erolcha
  8792 | D:9      | Paralysed by Erolcha for 2 turns
  8821 | D:9      | Killed Erolcha
  8947 | D:9      | Received a gift from Nemelex Xobeh
  8989 | D:9      | Found a runed translucent gate.
  8994 | D:9      | Found a runed translucent gate.
  8995 | D:9      | Noticed BerneyBell's ghost (journeyman CeHu)
  8995 | D:9      | Noticed Pikel
  9015 | D:9      | Killed Pikel
  9018 | D:9      | Found a runed translucent gate.
  9096 | D:9      | Noticed a harpy
  9097 | D:9      | a harpy changed into a black mamba
  9107 | D:9      | Reached skill level 10 in Charms
  9446 | D:8      | Noticed Psyche
  9453 | D:8      | Killed Psyche
  9727 | D:8      | Found Sepn's Armour Boutique.
  9730 | D:8      | Found a staircase to the Orcish Mines.
  9746 | D:8      | Noticed a two-headed ogre
  9755 | D:8      | Killed a two-headed ogre
  9756 | D:8      | Reached skill level 5 in Ice Magic
  9871 | D:8      | Identified the +9 long sword "Murmur" {pain, rF++ MR-
                  | Dex+3}
 10280 | D:8      | Noticed a cyclops
 10352 | Lair:1   | Entered Level 1 of the Lair of Beasts
 10359 | Lair:1   | Noticed a seven-headed hydra
 10365 | Lair:1   | Killed a seven-headed hydra
 10366 | Lair:1   | Reached skill level 5 in Necromancy
 10574 | Lair:1   | Found an opulent altar of Gozag.
 10659 | Lair:1   | Reached skill level 5 in Spellcasting
 10683 | D:7      | Reached XP level 12. HP: 25/116 MP: 2/19
 10830 | Lair:1   | Reached skill level 8 in Staves
 11268 | Lair:1   | Noticed a four-headed hydra
 11278 | Lair:1   | Killed a four-headed hydra
 11279 | Lair:1   | Reached skill level 9 in Staves
 11457 | Lair:1   | Reached *** piety under Nemelex Xobeh
 11597 | Lair:2   | Received a gift from Nemelex Xobeh
 12129 | Lair:2   | Reached skill level 10 in Staves
 12277 | Lair:2   | Noticed a four-headed hydra
 12286 | Lair:2   | Killed a four-headed hydra
 12712 | Lair:2   | Found a staircase to the Shoals.
 12978 | Lair:2   | Found a staircase to the Swamp.
 13072 | Lair:3   | Noticed an eight-headed hydra
 13079 | Lair:3   | Noticed a seven-headed hydra
 13084 | Lair:3   | Killed an eight-headed hydra
 13087 | Lair:3   | Reached skill level 5 in Armour
 13088 | Lair:3   | Killed a seven-headed hydra
 13281 | Lair:2   | Reached skill level 5 in Dodging
 13418 | Lair:3   | Received a gift from Nemelex Xobeh
 14191 | Lair:4   | Gained mutation: You can use your snake-like lower body to
                  | constrict enemies. [Naga growth]
 14191 | Lair:4   | Reached XP level 13. HP: 65/123 MP: 23/23
 14331 | Lair:4   | Received a gift from Nemelex Xobeh
 14385 | Lair:4   | Reached **** piety under Nemelex Xobeh
 14465 | Lair:4   | Reached skill level 1 in Invocations
 14719 | Lair:4   | Received a gift from Nemelex Xobeh
 15488 | Lair:5   | Noticed Nessos
 15504 | Lair:5   | Reached skill level 11 in Staves
 15505 | Lair:5   | Shot with an arrow by Nessos

Skill      XL: |  1  2  3  4  5  6  7  8  9 10 11 12 13 |
---------------+----------------------------------------+-----
Armour         | 1 2 3 4 5 |  5.0
Fighting       | 3 4 5 7 8 10 | 10.0
Dodging        | 2 3 4 5 |  5.0
Staves         | 3 4 5 7 10 11 | 11.0
Spellcasting   | 3 5 7 |  7.0
Charms         | 4 6 8 10 | 10.0
Necromancy     | 2 5 |  5.0
Ice Magic      | 2 5 |  5.0
Invocations    | 4 |  4.6

Action                   |  1- 3 |  4- 6 |  7- 9 | 10-12 | 13-15 || total
-------------------------+-------+-------+-------+-------+-------++-------
Melee: Quarterstaff      |    52 |    60 |   323 |   571 |    52 ||  1058
       Constrict         |       |       |       |       |    10 ||    10
 Cast: Infusion          |    17 |    14 |    45 |    77 |     9 ||   162
       Regeneration      |       |       |     8 |    23 |     4 ||    35
       Swiftness         |       |       |     6 |    15 |     1 ||    22
       Ozocubu's Armour  |       |       |       |    51 |     3 ||    54
 Abil: Spit Poison       |    24 |    21 |    47 |    60 |     7 ||   159
       Draw Destruction  |       |       |     1 |       |       ||     1
       Draw Summoning    |       |       |       |       |     1 ||     1
Evoke: Wand              |       |       |       |    12 |     2 ||    14
  Use: Scroll            |     2 |     1 |     1 |    15 |     4 ||    23
       Potion            |       |       |     4 |     3 |     1 ||     8
 Stab: Sleeping          |       |       |     1 |     2 |       ||     3
       Confused          |       |       |       |     1 |       ||     1
  Eat: Chunk             |     3 |     8 |    28 |    40 |     5 ||    84
       Ration            |       |       |     1 |     2 |       ||     3
Armor: Leather armour    |    12 |     3 |       |   200 |    12 ||   227
       Robe              |       |     7 |   131 |    87 |       ||   225
       Scale mail        |       |       |       |       |    12 ||    12
Dodge: Dodged            |    27 |    30 |   154 |   374 |    25 ||   610
